cohdb
Replays
Latest Replays
All Replays
Popular Replays
Top Player Replays
Match Explorer
How It Works
Community
CoH3 Stats
Reddit
Sign in to upload your games and track your stats! →
Sign in with Steam
Match 45802465
Unlisted
Match 45802465
Overview
Messages
Build Orders
End
Construct Section Command Post
Vickers Machine Gun Team
Dingo Light Scout Car
Selects Canadian Shock Battlegroup
Infantry Section
Infantry Section
Construct Platoon Command Post
Humber Armored Car
Selects Offensive Resupply
Selects Canadian Shock Section
Canadian Shock Section
Grenade Package
Selects Incendiary Munitions
Construct Company Command Post
Selects Pyrotechnics
Crusader II Medium Tank
Crusader II Medium Tank
Armored Vehicle Training
Royal Engineer Section
crywo1f
Numenour
Rhodesian Commando
Haja
0
0
Comments
sign in to comment!
No comments posted yet!